AoeStats
← Trashcan

Pilgrims

509766443Analyzed
2v2 RM · 6d ago on Sep 27, 2026· 25m 44s· 4 players
Game mode
Random Map
Map size
Medium (4 player)
Population
200
Speed
Normal
Resources
Standard
Victory
Conquest
Starting age
Dark Age
Ending age
Imperial Age
RankedLock teamsTeams togetherTeam positionsShared explorationLock speedFull tech treeHidden civsTurbo modeCheats
Victory
Defeat
🇨🇱 Portuguese · Chile
1072
+13
🇨🇱 Chinese · Chile
1069
+13
🇺🇸 Italians · United States
1000
-40
🇺🇸 Franks · United States
1000
-40
Ryan
16:11 Feudal Age
Trashcan
14:02 Feudal Age
16:07 Wheelbarrow
LOTOB_PHANTOM FOX
9:48 Loom
11:59 Feudal Age
12:45 Fishing Lines
12:55 Double-Bit Axe
15:26 Town Watch
16:14 Forging
17:49 Fletching
19:09 Bloodlines
22:18 Castle Age
21:45 Scale Barding Armor
22:25 Light Cavalry
24:15 Gillnets
26:52 Iron Casting
GonZama
12:24 Feudal Age
12:06 Loom
18:10 Castle Age
Connection lost

Rejoining the realm…

Still unreachable

The connection could not be restored.

Session expired

The server has moved on; the page needs a fresh start.